 Dungeon Crawl Stone Soup version 0.29.1-15-g9cfb28693d (webtiles) character file.

Game seed: 8119382456097142702

344405 Amplified the Slayer (level 21, -3/197 (214) HPs)
             Began as a Minotaur Fighter on Mar 13, 2023.
             Was the Champion of Dithmenos.
             Slain by a peacekeeper (9 damage)
             ... in the Desolation of Salt on Apr 22, 2023.
             The game lasted 02:14:34 (58442 turns).

Amplified the Slayer (Minotaur Fighter)            Turns: 58442, Time: 02:14:34

HP:   -3/197 (214)  AC: 18    Str: 21    XL:     21   Next: 15%
MP:   0/34          EV: 18    Int:  6    God:    Dithmenos [******]
Gold: 948           SH:  6    Dex: 22    Spells: 26/41 levels left

rFire   + + .      SeeInvis .   M - +9 quick blade (vorpal)
rCold   . . .      Faith    .   G - +0 buckler {reflect}
rNeg    . . .      Spirit   +   t - +3 ring mail {rF+}
rPois   +          Reflect  +   N - +2 hat
rElec   +          Harm     .   f - +0 cloak of Bedevilment {+Blink Fly rF+ Will-}
rCorr   .          Rampage  +   g - +0 pair of gloves
Will    ++...                   m - +1 pair of boots {rampage} Stlth **++++++++
                                j - amulet "Qyed" {Spirit +Blink}
HPRegen 0.42/turn               R - ring of willpower
MPRegen 0.24/turn               a - ring "Purac" {rElec Will+}

@: spiked, on blink cooldown, flying, wreathed by umbra, drained
A: horns 2, retaliatory headbutt, agile 1, poison resistance, subdued magic 1
}: 2/15 runes: decaying, serpentine
a: Renounce Religion, Evoke Blink, Shadow Step, Shadow Form


You were in the Desolation of Salt.
You worshipped Dithmenos.
Dithmenos was exalted by your worship.
You visited 8 branches of the dungeon, and saw 39 of its levels.
You visited 1 bazaar.
You also visited: Sewer, Ice Cave, Volcano and Desolation.

You collected 4385 gold pieces.
You spent 3437 gold pieces at shops.

Inventory:

Hand Weapons
 M - a +9 vorpal quick blade (weapon)
 V - a +4 rapier of venom
Missiles
 q - a throwing net
Armour
 e - the +12 plate armour of Absence {Int+2 SInv}
   (You bought it in a shop on level 1 of the Depths)

   Int:       It affects your intelligence (+2).
   SInv:      It lets you see invisible.
 f - the +0 cloak of Bedevilment (worn) {+Blink Fly rF+ Will-}
   (You found it on level 1 of the Swamp)

   rF:        It protects you from fire.
   Fly:       It grants you flight.
   +Blink:    It lets you blink.
   Will:      It decreases your willpower.
 g - a +0 pair of gloves (worn)
 i - a +1 kite shield of cold resistance
 m - a +1 pair of boots of rampaging (worn)
 o - the +1 chain mail of Qealluc {rF+}
   (You bought it in a shop in a bazaar)

   rF:        It protects you from fire.
 s - the +0 scale mail "Juir" {-Tele rElec rN+ Int+3}
   (You found it on level 3 of the Dungeon)

   Int:       It affects your intelligence (+3).
   rElec:     It insulates you from electricity.
   rN:        It protects you from negative energy.
   -Tele:     It prevents most forms of teleportation.
 t - a +3 ring mail of fire resistance (worn)
 E - +0 pearl dragon scales
 G - a +0 buckler of reflection (worn)
 J - +0 fire dragon scales
 N - a +2 hat (worn)
 P - a +0 cloak of cold resistance
 W - +0 swamp dragon scales
Jewellery
 a - the ring "Purac" (right hand) {rElec Will+}
   (You bought it in a shop on level 1 of the Depths)

   [ring of willpower]

   rElec:     It insulates you from electricity.
   Will:      It increases your willpower.
 b - the ring of Coedorare {rF++ AC+4}
   (You found it in the Desolation of Salt)

   [ring of protection]

   AC:        It affects your AC (+4).
   rF:        It greatly protects you from fire.
 j - the amulet "Qyed" (around neck) {Spirit +Blink}
   (You found it in the Desolation of Salt)

   [amulet of guardian spirit]

   It causes incoming damage to be divided between your reserves of health and
   magic.
   +Blink:    It lets you blink.
 p - a ring of protection from fire
 K - a ring of poison resistance
 R - a ring of willpower (left hand)
 S - a ring of see invisible
 T - a ring of fire
Wands
 d - a wand of flame (99)
 n - a wand of acid (4)
 v - a wand of polymorph (8)
 L - a wand of charming (6)
 X - a wand of mindburst (2)
Scrolls
 k - 2 scrolls of enchant weapon
 B - 3 scrolls of butterflies
 C - 5 scrolls of immolation
 Q - 2 scrolls of amnesia
 Y - 3 scrolls of brand weapon
Potions
 h - 8 potions of flight
 l - 7 potions of attraction
 r - 5 potions of mutation
 u - 9 potions of curing
 w - 3 potions of magic
 A - a potion of lignification
 D - 4 potions of brilliance
 O - 2 potions of cancellation
Miscellaneous
 c - a piece from Xom's chessboard (14/15)
 x - a tin of tremorstones (inert)
 z - a condenser vane (inert)
 U - a lightning rod (3/4)


   Skills:
 * Level 24.2 Fighting
 - Level 8.0(8.3) Short Blades
 - Level 3.2(6.4) Long Blades
 - Level 11.5 Armour
 - Level 10.0 Dodging
 * Level 18.2 Stealth
 - Level 5.3 Shields
 - Level 10.8 Spellcasting
 - Level 9.5 Hexes
 * Level 3.5 Transmutations
 - Level 1.0 Ice Magic
 * Level 3.5 Earth Magic
 - Level 8.4 Invocations
 * Level 4.8 Evocations


You had 26 spell levels left.
You knew the following spells:

 Your Spells              Type           Power      Damage    Failure   Level
a - Confusing Touch       Hex            11%        N/A       1%          3
b - Tukima's Dance        Hex            11%        N/A       1%          3
c - Cause Fear            Hex            5%         N/A       4%          4
d - Frozen Ramparts       Ice            6%         1d1       50%         3
e - Passwall              Tmut/Erth      4%         N/A       9%          2

Your spell library contained the following spells:

 Spells                   Type           Power      Damage    Failure   Level
 Wereblood                Tmut           5%         N/A       9%          2
 Portal Projectile        Hex/Tloc       12%        N/A       12%         3
 Sting                    Tmut/Pois      16%        1d3       13%         1
 Magic Dart               Conj           8%         1d3       28%         1
 Shock                    Conj/Air       8%         1d3       28%         1
 Anguish                  Hex/Necr       3%         N/A       36%         4
 Fulminant Prism          Conj/Hex       3%         3d6       36%         4
 Call Imp                 Summ           2%         N/A       38%         2
 Poisonous Vapours        Pois/Air       4%         N/A       38%         2
 Static Discharge         Conj/Air       2%         3-4/arc   38%         2
 Sublimation of Blood     Necr           2%         N/A       38%         2
 Ignite Poison            Fire/Tmut/Pois 3%         N/A       47%         3
 Yara's Violent Unravell  Hex/Tmut       4%         3d4       47%         5
 Ozocubu's Armour         Ice            3%         N/A       50%         3
 Petrify                  Tmut/Erth      5%         N/A       54%         4
 Gell's Gravitas          Tloc           2%         N/A       63%         3
 Lesser Beckoning         Tloc           2%         N/A       63%         3
 Mephitic Cloud           Conj/Pois/Air  2%         N/A       63%         3
 Swiftness                Air            2%         N/A       63%         3
 Teleport Other           Tloc           2%         N/A       63%         3
 Metabolic Englaciation   Hex/Ice        3%         N/A       67%         5
 Ice Form                 Ice/Tmut       4%         N/A       73%         4
 Blade Hands              Tmut           2%         N/A       88%         5
 Lee's Rapid Deconstruct  Erth           2%         3d6*      89%         5
 Hailstorm                Conj/Ice       2%         3d3       93%         4
 Summon Ice Beast         Ice/Summ       2%         N/A       93%         4
 Airstrike                Air            1%         2d(1-17)  96%         4
 Dispel Undead            Necr           2%         3d7       96%         4
 Iskenderun's Mystic Bla  Conj/Tloc      2%         2d3       96%         4
 Sticky Flame             Conj/Fire      2%         2d3       96%         4
 Summon Lightning Spire   Summ/Air       2%         N/A       96%         4
 Irradiate                Conj/Tmut      2%         3d12      99%         5
 Enfeeble                 Hex            5%         N/A       99%         7
 Freezing Cloud           Conj/Ice/Air   1%         6-21      100%        5
 Lightning Bolt           Conj/Air       1%         1d12      100%        5
 Dispersal                Tloc           1%         N/A       100%        6
 Simulacrum               Ice/Necr       1%         N/A       100%        6
 Dragon Form              Tmut           2%         N/A       100%        7
 Orb of Destruction       Conj           1%         9d5       100%        7
 Spellforged Servitor     Conj/Summ      1%         N/A       100%        7
 Summon Hydra             Summ           1%         N/A       100%        7
 Maxwell's Capacitive Co  Air            1%         ∞         100%        8
 Chain Lightning          Conj/Air       1%         3d1       100%        9
 Dragon's Call            Summ           1%         N/A       100%        9
 Fire Storm               Conj/Fire      1%         7d1       100%        9
 Shatter                  Erth           2%         3d6*      100%        9


Dungeon Overview and Level Annotations

Branches:
Dungeon (15/15)            Temple (0/1) D:4            Lair (5/5) D:9
  Swamp (4/4) Lair:2        Snake (4/4) Lair:2        Slime (0/5) Lair:4
    Orc (2/2) D:11            Elf (1/3) Orc:2        Vaults (4/5) D:13
  Crypt (0/3) Vaults:2     Depths (4/4) D:15          Sewer (visited)
  IceCv (visited)         Volcano (visited)         Desolation (1/1)
    Zot: Depths:4

Altars:
Ashenzari
Cheibriados
Dithmenos
Elyvilon
Hepliaklqana
Kikubaaqudgha
Makhleb
Qazlal
Uskayaw
Xom
Yredelemnul
The Shining One

Shops:
D:5 :   D:9 [(!:   Orc:2 [=(*   Elf:1 [   Snake:2 *!   Vaults:1 (
Depths:1 [[=[*!

Portals:
Hell: Depths:1 Depths:3
Abyss: Depths:3
Ziggurat: Depths:4

Annotations:
Lair:3 Viless's ghost, journeyman GrFi
Snake:3 2 transporters, exclusion: orange crystal statue
Snake:4 Vashnia
Orc:1 2 transporters
Vaults:1 3 runed translucent doors, engelados's ghost, adept DEIE
Vaults:3 3 runed translucent doors, exclusion: obsidian statue
Vaults:4 Mara
Depths:3 Vv
Depths:4 Saint Roka


Innate Abilities, Weirdness & Mutations

You have a pair of horns on your head.
You reflexively headbutt those who attack you in melee.
You are agile. (Dex +4, Str/Int -1)
Your system is resistant to poisons. (rPois)
Your spells are a little easier to cast, but a little less powerful.


Message History

Unknown command.
Okay, then.
Unknown command.
Okay, then.
Okay, then.
Your magical effects are unravelling.
You feel magically purged. The peacekeeper completely misses you.
You furiously retaliate!
You headbutt the peacekeeper, but do no damage.
The peacekeeper misses you. The peacekeeper closely misses you.
The peacekeeper misses you.
Unknown command.
Unknown command.
Unknown command.
You emerge from the shadows.
The peacekeeper no longer looks unusually strong.
The peacekeeper closely misses you. The peacekeeper claws you.
* * * LOW HITPOINT WARNING * * *
The ragged hierophant points at you and mumbles some strange words.
A blast of power from the earth and the peacekeepers strikes you!
* * * LOW HITPOINT WARNING * * *
The peacekeeper completely misses you. You furiously retaliate!
You headbutt the peacekeeper!! You block the peacekeeper's attack.
The peacekeeper bites you!!
* * * LOW HITPOINT WARNING * * *
The peacekeeper claws you but does no damage.
Unknown command.
Okay, then.
Okay, then.
Okay, then.
Okay, then.
You make a move on Xom's chessboard...
The peacekeeper seems to speed up.
The peacekeeper closely misses you. You furiously retaliate!
You headbutt the peacekeeper, but do no damage.
The peacekeeper claws you but does no damage.
The peacekeeper misses you.
The peacekeeper claws you but does no damage.
The peacekeeper bites you but does no damage.
You block the peacekeeper's attack. The peacekeeper bites you!
You die...

......#.."...[)#.......######
.....8#.##..##.#8.....§######
......####).####...§.§§######
.................§§§.§§######
..............)§§§§##..######
......####..####§§§§§..####
.....8#[##..##)#8§§§§..####
......#........#§§§§§..####
..#...##########@9a§§..####
..............§§§9§§§..####
.........§§§§.§§.§§§...####
.........§..§.....§§...####
.....)...§§.§....§.....####
.........§§.§..........####
.........§§.§§.........####
..........####...####..####
..........#.:.§#8..b8#.####


You could see a ragged hierophant and 2 peacekeepers.

Vanquished Creatures
  Nikola (Swamp:1)
  Mlioglotl (Swamp:3)
  A lich (Depths:1)
  An ancient champion (Vaults:2)
  2 sphinxes
  A thorn hunter (Swamp:4)
  Agnes (Elf:1)
  Kirke (Snake:1)
  A fenstrider witch (Swamp:4)
  4 nagarajas
  4 frost giants
  3 imperial myrmidons (Desolation)
  Aizul (Snake:1)
  5 vault wardens
  2 fire giants
  Louise (Swamp:2)
  An orc warlord (Orc:2)
  7 ironbound preservers
  A very ugly thing (D:15)
  4 ironbound thunderhulks
  2 eleionomae
  3 stone giants
  Azrael (Elf:1)
  An entropy weaver (Vaults:1)
  7 bunyips
  A white draconian (IceCv)
  A spark wasp (Depths:3)
  5 fire dragons
  3 crystal guardians (Desolation)
  A yaktaur captain (Vaults:2)
  2 ettins
  2 rakshasas
  5 vault guards
  5 ragged hierophants (Desolation)
  3 boulder beetles
  3 great orbs of eyes (Vaults:3)
  A catoblepas (Lair:5)
  2 ghost crabs
  21 hydras
  10 servants of whispers (Desolation)
  2 spriggan air magi
  4 peacekeepers (Desolation)
  15 anacondas
  5 two-headed ogres
  3 ice dragons
  5 salamander tyrants
  12 centaur warriors
  12 naga warriors
  A death knight (D:13)
  6 ironbound frosthearts (IceCv)
  A death yak (Lair:5)
  5 tengu warriors
  6 alligators
  3 orc high priests (Orc:2)
  3 hell knights (Depths:1)
  7 shock serpents
  3 deep elf knights (Elf:1)
  15 naga sharpshooters
  2 iron trolls (Depths:1)
  22 deep trolls
  5 salamander mystics
  A death drake (shapeshifter) (D:15)
  5 goliath frogs
  9 sea snakes
  4 skeletal warriors (D:15)
  4 naga ritualists
  A spriggan druid (Swamp:4)
  3 glowing orange brains
  5 wizards
  9 swamp dragons
  4 bog bodies
  6 deep elf archers (Elf:1)
  10 ironbound convokers
  An orange crystal statue (IceCv)
  3 necromancers
  A harpy (shapeshifter) (Elf:1)
  7 deep elf pyromancers
  12 lindwurms
  A salamander (shapeshifter) (Elf:1)
  10 deep elf zephyrmancers (Elf:1)
  11 mana vipers
  5 harpies (Vaults:3)
  A wolf spider (Lair:5)
  7 orc knights
  15 salamanders
  5 cyclopes
  6 manticores
  35 ugly things
  3 will-o-the-wisps
  6 orc sorcerers
  24 elephants
  A guardian serpent (shapeshifter) (D:14)
  34 black mambas
  A water nymph (shapeshifter) (Depths:3)
  12 guardian serpents
  7 naga magi
  5 vault sentinels
  An ice statue (D:15)
  Maurice (D:8)
  An elf zombie (Vaults:1)
  3 molten gargoyles
  A torpor snail (Lair:5)
  2 gargoyles
  2 unseen horrors
  A yaktaur zombie (Vaults:2)
  26 rime drakes
  18 cane toads
  A kobold demonologist (D:12)
  8 komodo dragons
  A freezing wraith (D:15)
  12 yaktaurs
  An efreet (D:14)
  A hellwing (Depths:2)
  A tengu conjurer (D:13)
  10 trolls
  13 polar bears (IceCv)
  8 tyrant leeches
  13 hornets
  3 meliai (D:13)
  24 blink frogs
  32 slime creatures
  Prince Ribbit (D:7)
  44 saltlings (Desolation)
  5 dream sheep (Lair:4)
  An air elemental (Elf:1)
  11 spriggans
  2 shadows
  A wraith (D:10)
  A deep troll skeleton (Vaults:2)
  50 yaks
  14 wyverns
  A vampire (D:14)
  A fire elemental (Elf:1)
  A water elemental (Depths:3)
  6 fire bats (Volcano)
  4 basilisks
  A chaos spawn (Depths:2)
  A neqoxec (Depths:2)
  5 redbacks
  6 steam dragons
  2 wargs (Orc:2)
  17 vampire mosquitoes
  A yaktaur simulacrum (Vaults:2)
  14 swamp worms
  31 nagas
  An acid dragon (D:10)
  Duvessa (D:5)
  18 water moccasins
  8 hell hounds
  A human zombie (Vaults:1)
  Pargi (Sewer)
  3 sky beasts
  3 ice beasts
  10 swamp drakes
  A black bear (D:9)
  10 ogres
  A black bear (shapeshifter) (D:15)
  34 orc warriors
  3 wolves (D:9)
  6 centaurs
  A human skeleton (Vaults:1)
  13 bullfrogs
  4 kobold brigands
  2 scorpions
  A necrophage (D:4)
  Dowan (D:5)
  8 wights
  A killer bee (D:9)
  4 electric eels
  A lava snake (Volcano)
  5 hounds
  10 orc priests
  2 gnoll boudas
  10 iguanas
  5 orc wizards
  A hound zombie (D:3)
  6 gnolls
  8 adders
  An ufetubus (D:7)
  3 worms
  4 dart slugs
  58 orcs
  2 bats (D:1)
  3 endoplasms
  4 giant cockroaches
  8 hobgoblins
  4 jackals (D:4)
  37 kobolds
  2 quokkas (D:1)
  10 ball pythons
  7 frilled lizards
  9 goblins
  A quokka zombie (D:3)
  3 rats
  5 briar patches (Swamp:4)
  A butterfly (D:4)
1284 creatures vanquished.

Vanquished Creatures (collateral kills)
  A vault warden (Vaults:1)
  An ironbound preserver (Vaults:1)
  A dire elephant (Vaults:2)
  A vault guard (Vaults:1)
  An ogre (D:6)
5 creatures vanquished.

Vanquished Creatures (others)
  A boulder beetle (D:12)
  A centaur warrior (Vaults:1)
  A naga sharpshooter (Snake:2)
  A hell knight (Depths:1)
  A death drake (Swamp:1)
  A salamander (Snake:2)
  A bloated husk (Swamp:1)
  A saltling (Desolation)
  A yak (D:6)
  3 humans (Snake:1)
  A dancing weapon (Snake:4)
  A shadow imp (D:6)
  2 orcs (Orc:2)
  A briar patch (Swamp:4)
  A butterfly (D:15)
  10 foxfires
  48 fungi
  166 plants
242 creatures vanquished.

Grand Total: 1531 creatures vanquished

Notes
Turn   | Place    | Note
-------+----------+-------------------------------------------
     0 | D:1      | Amplified the Minotaur Fighter began the quest for the Orb.
     0 | D:1      | Reached XP level 1. HP: 19/19 MP: 0/0
    82 | D:1      | Found a faded altar of an unknown god.
   110 | D:1      | Prayed at the altar of an unknown god.
   110 | D:1      | Became a worshipper of Dithmenos the Shadowed
   110 | D:1      | Reached * piety under Dithmenos
   276 | D:1      | Reached XP level 2. HP: 27/27 MP: 1/1
   538 | D:1      | Reached skill level 4 in Fighting
   877 | D:2      | Reached XP level 3. HP: 33/33 MP: 2/2
  1117 | D:2      | Reached ** piety under Dithmenos
  1215 | D:2      | Found a shimmering altar of Xom.
  1445 | D:3      | Found a shadowy altar of Dithmenos.
  1473 | D:3      | Identified the +0 scale mail "Juir" {-Tele rElec rN+ Int+3}
  1484 | D:3      | Found a glowing drain.
  1703 | D:3      | Reached skill level 1 in Short Blades
  1703 | D:3      | Reached XP level 4. HP: 41/41 MP: 3/3
  1840 | D:3      | Reached skill level 1 in Stealth
  1846 | D:3      | Found a basalt altar of Yredelemnul.
  1989 | Sewer    | Entered a sewer
  2114 | Sewer    | Noticed Pargi
  2123 | Sewer    | Killed Pargi
  2124 | Sewer    | Reached XP level 5. HP: 34/47 MP: 4/4
  2301 | D:4      | Reached skill level 5 in Fighting
  2301 | D:4      | Reached skill level 5 in Shields
  2434 | D:4      | Reached XP level 6. HP: 53/56 MP: 5/5
  2455 | D:4      | Reached *** piety under Dithmenos
  2520 | D:4      | Found a staircase to the Ecumenical Temple.
  3255 | D:5      | Entered Level 5 of the Dungeon
  3255 | D:5      | Found a hazy altar of Hepliaklqana.
  3277 | D:5      | Found Des Ylat's Book Shoppe.
  3288 | D:5      | Reached skill level 1 in Dodging
  3288 | D:5      | Reached XP level 7. HP: 62/62 MP: 6/6
  3304 | D:5      | Identified the +4 ring mail "Xaromeam" {-Tele Harm rC+}
  3332 | D:5      | Noticed Duvessa
  3333 | D:5      | Noticed Dowan
  3356 | D:5      | Killed Duvessa
  3357 | D:5      | Reached skill level 6 in Fighting
  3366 | D:5      | Killed Dowan
  3991 | D:5      | Found a glowing golden altar of the Shining One.
  3996 | D:5      | Found a burning altar of Makhleb.
  4078 | D:6      | Found an ancient bone altar of Kikubaaqudgha.
  4126 | D:6      | Reached XP level 8. HP: 69/71 MP: 7/7
  4367 | D:6      | Reached **** piety under Dithmenos
  4443 | D:6      | Reached skill level 7 in Fighting
  4674 | D:6      | Reached skill level 5 in Short Blades
  4796 | D:6      | Found a shimmering altar of Xom.
  4886 | D:6      | Found a hide-covered altar of Uskayaw.
  5078 | D:7      | Reached skill level 5 in Armour
  5220 | D:7      | Noticed Prince Ribbit
  5242 | D:7      | Killed Prince Ribbit
  5351 | D:7      | Reached skill level 8 in Fighting
  5351 | D:7      | Reached skill level 5 in Stealth
  6042 | D:6      | Reached XP level 9. HP: 81/81 MP: 8/8
  6581 | D:8      | Noticed Maurice
  6590 | D:8      | Killed Maurice
  6783 | D:8      | Reached skill level 9 in Fighting
  7024 | D:8      | Identified a scroll of acquirement
  7024 | D:8      | Acquired a manual of Fighting
  7079 | D:8      | Reached XP level 10. HP: 89/93 MP: 9/9
  7539 | D:9      | Found Maxirem's Armour Boutique.
  7542 | D:9      | Bought a +0 pair of gloves for 54 gold pieces
  7566 | D:9      | Reached skill level 10 in Fighting
  7709 | D:9      | Noticed a two-headed ogre
  7732 | D:9      | Killed a two-headed ogre
  7733 | D:9      | Reached skill level 5 in Dodging
  7782 | D:9      | Found a staircase to the Lair.
  7782 | D:9      | Noticed an elephant
  7954 | D:9      | Reached skill level 1 in Invocations
  7966 | D:9      | Killed an elephant
  7967 | D:9      | Reached skill level 11 in Fighting
  8241 | D:9      | Found Wanum's Distillery.
  8300 | D:9      | Noticed a two-headed ogre
  8305 | D:9      | Killed a two-headed ogre
  8338 | D:9      | Reached skill level 12 in Fighting
  8432 | D:9      | Found Xusoklyu's Book Boutique.
  8532 | D:9      | Bought a potion of heal wounds for 60 gold pieces
  8532 | D:9      | Bought a potion of curing for 36 gold pieces
  8532 | D:9      | Bought a potion of heal wounds for 60 gold pieces
  8532 | D:9      | Bought a potion of mutation for 96 gold pieces
  8532 | D:9      | Bought a potion of haste for 120 gold pieces
  8612 | D:9      | Reached ***** piety under Dithmenos
  8641 | D:9      | Reached XP level 11. HP: 88/105 MP: 10/12
  8710 | D:9      | Found Qovuust's Antique Weapon Emporium.
  8866 | D:10     | Entered Level 10 of the Dungeon
  9555 | D:10     | Reached skill level 13 in Fighting
  9566 | D:10     | Noticed a two-headed ogre
  9570 | D:10     | Killed a two-headed ogre
  9709 | D:11     | Found a snail-covered altar of Cheibriados.
  9845 | D:11     | Found a staircase to the Orcish Mines.
 10035 | D:11     | Noticed a white ugly thing
 10049 | D:11     | Killed a white ugly thing
 10470 | D:12     | Noticed a brown ugly thing
 10537 | Lair:1   | Entered Level 1 of the Lair of Beasts
 10552 | D:9      | Reached skill level 5 in Invocations
 10824 | Lair:1   | Reached skill level 14 in Fighting
 11003 | Lair:1   | Noticed a fire dragon
 12395 | Lair:2   | Found a hide-covered altar of Uskayaw.
 12537 | Lair:2   | Reached XP level 12. HP: 112/118 MP: 15/15
 12790 | Lair:2   | Reached skill level 15 in Fighting
 12826 | Lair:2   | Found a staircase to the Swamp.
 12973 | Lair:2   | Found a staircase to the Snake Pit.
 13820 | Lair:3   | Noticed a five-headed hydra
 13826 | Lair:3   | Killed a five-headed hydra
 14287 | Lair:3   | Reached skill level 16 in Fighting
 15091 | Lair:4   | Reached skill level 10 in Stealth
 15333 | Lair:4   | Found a runed translucent door.
 15535 | Lair:4   | Reached XP level 13. HP: 66/130 MP: 11/18
 15904 | Lair:4   | Found a staircase to the Slime Pits.
 16276 | Lair:4   | Noticed Viless's ghost (journeyman GrFi)
 16309 | Lair:5   | Entered Level 5 of the Lair of Beasts
 16370 | Lair:5   | Reached skill level 17 in Fighting
 16436 | Lair:5   | Reached skill level 10 in Armour
 16766 | Lair:5   | Reached skill level 1 in Spellcasting
 18209 | Lair:5   | Reached ****** piety under Dithmenos
 18747 | Lair:5   | Gained mutation: You are clumsy. (Dex -2) [potion of
                  | mutation]
 18747 | Lair:5   | Gained mutation: Your spells are a little harder to cast,
                  | but a little more powerful. [potion of mutation]
 18755 | Lair:5   | Lost mutation: Your spells are a little harder to cast, but
                  | a little more powerful. [potion of mutation]
 18755 | Lair:5   | Lost mutation: You are clumsy. (Dex -2) [potion of
                  | mutation]
 18755 | Lair:5   | Gained mutation: You occasionally lose the ability to drink
                  | potions when taking damage. [potion of mutation]
 18755 | Lair:5   | Gained mutation: Your flesh is heat resistant. (rF+)
                  | [potion of mutation]
 18758 | Lair:5   | Lost mutation: Your flesh is heat resistant. (rF+) [potion
                  | of mutation]
 18758 | Lair:5   | Lost mutation: You occasionally lose the ability to drink
                  | potions when taking damage. [potion of mutation]
 18758 | Lair:5   | Gained mutation: You are dopey. (Int -2) [potion of
                  | mutation]
 18758 | Lair:5   | Gained mutation: You have hidden genetic defects. [potion
                  | of mutation]
 18758 | Lair:5   | Gained mutation: Your spells are a little easier to cast,
                  | but a little less powerful. [potion of mutation]
 18758 | Lair:5   | Lost mutation: You have hidden genetic defects. [potion of
                  | mutation]
 18759 | Lair:5   | Lost mutation: Your spells are a little easier to cast, but
                  | a little less powerful. [potion of mutation]
 18759 | Lair:5   | Lost mutation: You are dopey. (Int -2) [potion of mutation]
 18759 | Lair:5   | Gained mutation: You have sharp toenails. [potion of
                  | mutation]
 18759 | Lair:5   | Gained mutation: You have an increased reservoir of magic.
                  | (+10% MP) [potion of mutation]
 18861 | Lair:5   | Reached XP level 14. HP: 108/141 MP: 16/21
 19047 | Lair:5   | Reached skill level 18 in Fighting
 20598 | Orc:1    | Entered Level 1 of the Orcish Mines
 20612 | Orc:1    | Found a transporter.
 20624 | Orc:1    | Noticed an orc warlord
 20625 | Orc:1    | Found a transporter.
 20669 | Orc:2    | Entered Level 2 of the Orcish Mines
 20705 | Orc:1    | Found a dark tunnel.
 20908 | Volcano  | Entered a volcano
 21050 | Volcano  | Found a bloodstained altar of Trog.
 21521 | Orc:2    | Paralysed by an orc sorcerer for 4 turns
 21526 | Orc:2    | Paralysed by an orc sorcerer for 3 turns
 21889 | Orc:2    | Paralysed by an orc sorcerer for 2 turns
 22057 | Orc:2    | Found Unnot's Antique Armour Shop.
 22059 | Orc:2    | Noticed an orc warlord
 22096 | Orc:2    | Killed an orc warlord
 22422 | Orc:2    | Found Qehuotz's Antique Weapon Shoppe.
 22746 | Orc:2    | Reached skill level 5 in Spellcasting
 22769 | Orc:2    | Reached skill level 10 in Dodging
 22773 | Orc:2    | Learned a level 3 spell: Confusing Touch
 22999 | Orc:2    | Found Ommurgh's General Store.
 23224 | Orc:2    | Found Plog's Jewellery Boutique.
 23485 | Orc:2    | Found a staircase to the Elven Halls.
 23604 | Orc:2    | Bought a +0 buckler of reflection for 110 gold pieces
 23604 | Orc:2    | Bought a scroll of amnesia for 52 gold pieces
 23941 | D:12     | Reached skill level 1 in Hexes
 24335 | D:12     | Reached skill level 19 in Fighting
 24352 | D:12     | Reached XP level 15. HP: 152/152 MP: 24/24
 25074 | D:13     | Found a gate to the Vaults.
 25691 | D:13     | Found a broken altar of Ashenzari.
 26141 | D:14     | You fall into a shaft and drop 1 floor!
 26141 | D:15     | Entered Level 15 of the Dungeon
 26205 | D:15     | Found a frozen archway.
 26264 | IceCv    | Entered an ice cave
 27937 | IceCv    | Noticed a frost giant
 27937 | IceCv    | Noticed a frost giant
 27985 | IceCv    | Killed a frost giant
 28037 | IceCv    | Killed a frost giant
 28342 | D:15     | Found a gateway to a bazaar.
 28528 | D:15     | Found a white marble altar of Elyvilon.
 28584 | Bazaar   | Entered a bazaar
 28597 | Bazaar   | Found Naupsis's Antique Weapon Emporium.
 28609 | Bazaar   | Found Pishel's Antique Weapon Shoppe.
 28624 | Bazaar   | Found Piobuco's Antique Armour Shoppe.
 28636 | Bazaar   | Found Erotuz's Antique Armour Emporium.
 28655 | Bazaar   | Bought a translucent chain mail for 199 gold pieces
 28655 | Bazaar   | Identified the +1 chain mail of Qealluc {rF+} (You bought
                  | it in a shop in a bazaar)
 28655 | Bazaar   | Bought an embroidered hat for 147 gold pieces
 28696 | Bazaar   | Bought a runed rapier for 126 gold pieces
 28862 | D:15     | Reached skill level 20 in Fighting
 29003 | D:15     | Reached XP level 16. HP: 71/162 MP: 18/27
 29683 | D:14     | Identified the +2 long sword "Nyunay" {drain, Fly rElec}
 30199 | D:14     | Found a hazy altar of Hepliaklqana.
 30668 | Snake:1  | Entered Level 1 of the Snake Pit
 31165 | Snake:1  | Reached skill level 5 in Hexes
 31280 | Snake:1  | Noticed Kirke
 31286 | Snake:1  | Killed Kirke
 31367 | Snake:1  | Noticed Aizul
 31386 | Snake:1  | Killed Aizul
 33545 | Snake:2  | Found Uplamoin's Distillery.
 33586 | Snake:2  | Bought a potion of heal wounds for 90 gold pieces
 33586 | Snake:2  | Bought a potion of curing for 54 gold pieces
 33586 | Snake:2  | Bought a potion of haste for 180 gold pieces
 33586 | Snake:2  | Bought a potion of curing for 54 gold pieces
 33586 | Snake:2  | Bought a potion of attraction for 54 gold pieces
 33586 | Snake:2  | Bought a potion of attraction for 54 gold pieces
 33586 | Snake:2  | Bought a potion of flight for 54 gold pieces
 33586 | Snake:2  | Bought a potion of mutation for 144 gold pieces
 33618 | Snake:2  | Found Pumoer's CLEARANCE SALE!.
 34643 | Snake:2  | Reached skill level 21 in Fighting
 34913 | Snake:4  | Entered Level 4 of the Snake Pit
 35187 | Snake:4  | Reached XP level 17. HP: 152/173 MP: 26/31
 35208 | Snake:4  | Learned a level 3 spell: Tukima's Dance
 36138 | Snake:3  | Found a shimmering altar of Xom.
 36655 | Snake:3  | Found a transporter.
 36664 | Snake:3  | Found a transporter.
 37752 | Snake:3  | Reached skill level 15 in Stealth
 37752 | Snake:3  | Reached XP level 18. HP: 162/162 MP: 32/32
 38091 | Snake:4  | Noticed Vashnia
 38440 | Swamp:1  | Entered Level 1 of the Swamp
 38954 | Swamp:1  | Identified the +0 cloak of Bedevilment {+Blink Fly rF+
                  | Will-}
 39035 | Swamp:1  | Noticed Nikola
 39048 | Swamp:1  | Killed Nikola
 39629 | Swamp:2  | Noticed Louise
 39631 | Swamp:2  | Killed Louise
 40687 | Swamp:3  | Noticed Mlioglotl
 40698 | Swamp:3  | Killed Mlioglotl
 40922 | Swamp:4  | Entered Level 4 of the Swamp
 42002 | Swamp:4  | Reached skill level 22 in Fighting
 42357 | Swamp:4  | Identified the +7 falchion "Nemyar" {venom, Drain rN+ SInv}
 42444 | Swamp:4  | Reached XP level 19. HP: 48/191 MP: 14/34
 42804 | Swamp:4  | Got a decaying rune of Zot
 45404 | Snake:4  | Got a serpentine rune of Zot
 46214 | Vaults:1 | Entered Level 1 of the Vaults
 46418 | Vaults:1 | Found a runed translucent gate.
 46418 | Vaults:1 | Found a runed translucent gate.
 46418 | Vaults:1 | Found a runed translucent gate.
 46418 | Vaults:1 | Noticed engelados's ghost (adept DEIE)
 46472 | Vaults:1 | Found Zoown's Antique Weapon Emporium.
 46636 | Vaults:2 | Reached skill level 10 in Spellcasting
 47718 | Vaults:2 | Learned a level 4 spell: Cause Fear
 48202 | Vaults:2 | Found a staircase to the Crypt.
 48443 | Vaults:3 | Reached skill level 23 in Fighting
 48493 | Vaults:4 | Noticed Mara
 48498 | Vaults:4 | Noticed Amplified's illusion
 49239 | Vaults:3 | Reached XP level 20. HP: 158/203 MP: 9/36
 49926 | Vaults:3 | Found a runed translucent gate.
 49926 | Vaults:3 | Found a runed translucent gate.
 49926 | Vaults:3 | Found a runed translucent gate.
 52240 | D:15     | Found a staircase to the Depths.
 52293 | Depths:1 | Entered Level 1 of the Depths
 52304 | Depths:1 | Found Yryleb's Distillery.
 52403 | Depths:1 | Found Diutz's Antique Armour Boutique.
 52634 | Depths:4 | Entered Level 4 of the Depths
 52657 | Depths:4 | Paralysed by a vampire knight for 3 turns
 53028 | Depths:2 | Lost mutation: You have an increased reservoir of magic.
                  | (+10% MP) [a neqoxec]
 53029 | Depths:2 | Gained mutation: You have hidden genetic defects. [a
                  | neqoxec]
 53172 | Depths:3 | Reached skill level 1 in Evocations
 53259 | Depths:3 | Found a one-way gate to the infinite horrors of the Abyss.
 53268 | Depths:3 | Noticed Vv
 53318 | Depths:4 | Found a one-way gateway to a ziggurat.
 53319 | Depths:4 | Noticed Saint Roka
 53893 | Depths:3 | Found a gateway to Hell.
 53967 | Depths:3 | Learned a level 3 spell: Frozen Ramparts
 54540 | Depths:1 | Found Gomul's Armour Shop.
 54951 | Depths:1 | Found a stormy altar of Qazlal.
 55020 | Depths:1 | Found Fusirib's Antique Armour Emporium.
 55374 | Depths:1 | Found Buosunirgh's Changing Room.
 55384 | Depths:1 | Reached skill level 1 in Ice Magic
 55391 | Depths:1 | Bought the Teachings on Sculpting for 240 gold pieces
 55394 | Depths:1 | Learned a level 2 spell: Passwall
 55464 | Depths:1 | Found Bevvot's One-of-a-Kind Rings.
 55706 | Depths:1 | Bought the ring "Purac" {rElec Will+} for 585 gold pieces
 55750 | Depths:1 | Bought a spiked plate armour for 868 gold pieces
 55750 | Depths:1 | Identified the +12 plate armour of Absence {Int+2 SInv}
                  | (You bought it in a shop on level 1 of the Depths)
 56554 | Elf:1    | Entered Level 1 of the Elven Halls
 56586 | Elf:1    | Reached skill level 1 in Earth Magic
 56589 | Elf:1    | Noticed Agnes
 56594 | Elf:1    | Reached skill level 1 in Transmutations
 56599 | Elf:1    | Killed Agnes
 56616 | Elf:1    | Gained mutation: You are weak. (Str -2) [hidden defects]
 56617 | Elf:1    | Lost mutation: You have sharp toenails. [potion of
                  | mutation]
 56617 | Elf:1    | Lost mutation: You are weak. (Str -2) [potion of mutation]
 56617 | Elf:1    | Gained mutation: You are frail. (-10% HP) [potion of
                  | mutation]
 56617 | Elf:1    | Gained mutation: Your system is resistant to poisons.
                  | (rPois) [potion of mutation]
 56617 | Elf:1    | Lost mutation: You are frail. (-10% HP) [potion of
                  | mutation]
 56617 | Elf:1    | Gained mutation: You are agile. (Dex +4, Str/Int -1)
                  | [potion of mutation]
 56635 | Elf:1    | Found Yfugeat's Armour Shoppe.
 56820 | Elf:1    | Noticed Azrael
 56865 | Elf:1    | Killed Azrael
 56998 | Elf:1    | Reached skill level 24 in Fighting
 57056 | Elf:1    | Found a crumbling gateway.
 57086 | Desolati | Entered the Desolation of Salt
 57591 | Desolati | Got the Compendium of Attacks
 57651 | Desolati | Got Sif Muna's Treatise on Filthy Vapour
 57745 | Desolati | Got the Quarto of Apparitions and Breath
 57748 | Desolati | Identified the ring of Coedorare {rF++ AC+4}
 57797 | Desolati | Gained mutation: Your spells are a little easier to cast,
                  | but a little less powerful. [hidden defects]
 57797 | Desolati | Lost mutation: You have hidden genetic defects. [hidden
                  | defects expressed]
 57891 | Desolati | Reached XP level 21. HP: 165/214 MP: 25/34
 57941 | Desolati | Got the Anthology of Battle Magic
 57942 | Desolati | Identified the amulet "Qyed" {Spirit +Blink}
 58280 | Desolati | Identified the +7 arbalest "Minotaur's Death" {flame,
                  | Fragile rElec Stlth+}
 58441 | Desolati | HP: 6/197 [peacekeeper (13)]
 58442 | Desolati | Slain by a peacekeeper

Illustrated notes

Levels and vault maps discovered:
D:1:      nicolae_arrival_memento_mori, layout_basic, serial_curves,
          eino_curves_03, eino_curves_02, basic_ecumenical_altar
D:2:      layout_rooms, basic_altar
D:3:      layout_basic, grunt_dithmenos_smoke, lemuel_zombie_altar_yredelemnul,
          portal_sewer_entry_d
D:4:      minmay_angry_zag, layout_loops_ring, minmay_temple_entry_butterflies
D:5:      layout_cave_pools, mainiacjoe_overflow_big_doors,
          mainiacjoe_overflow_tiny_flanked, serial_shops, nicolae_square_shop,
          minivault_27, minmay_misc_feat_tower, uniq_duvessa
D:6:      kennysheep_kobold_camp, layout_basic, eat_drink_and_be_merry_uskayaw,
          xom_confusion_cloud, kiku_gazebo_pond_becter,
          nicolae_kite_square_tiling_tiny
D:7:      layout_basic, uniq_prince_ribbit1
D:8:      layout_rooms, uniq_maurice
D:9:      layout_basic, david_lair_generic, serial_shops,
          nicolae_shop_window_shopping, nicolae_shop_waterfront,
          kennysheep_mini_moat, nicolae_shop_crystal, minmay_circle_x
D:10:     layout_gridville
D:11:     layout_loops_ring, orc_0_dummy, roderic_lattice_a, slow_altar_1
D:12:     layout_cave_pods, onia_ninara_cookie
D:13:     layout_roguey, skrybe_vaults_entry_preservation, serial_corexii_hall,
          chequers_hall_statues_y, chequers_hall_statues_corner_a,
          ashenzari_altar_1
D:14:     layout_roguey [special_room_orc], nicolae_hepliaklqana_hippocampus
D:15:     gammafunk_enter_depths_forms, layout_basic,
          nicolae_elyvilon_peaceful_grove, portal_ice_cave_entry_pillars_1,
          serial_shops, statue_bzr
Lair:1:   dragon1_lemuel, layout_cave_pods
Lair:2:   layout_long_grid, minmay_swamp_entry_worms,
          guppyfry_snake_entry_island, basic_altar, grunt_megastairs_2
Lair:3:   layout_loops_ring, serial_bayou_lagoon_a
Lair:4:   layout_gridlike, slime_entry_1, gammafunk_ghost_grave,
          infiniplex_staircase_pool
Lair:5:   hangedman_lair_tendril_chambers, layout_cave_pods,
          guppyfry_lair_end_dragon, serial_bayou_shore_a, lemuel_fruit_fields
Swamp:1:  layout_basic_swamp, evilmike_swamp_ruin_house_4,
          infiniplex_staircase_pool_2, uniq_nikola
Swamp:2:  layout_falls_marsh, nicolae_swamp_trees_clearing, uniq_louise
Swamp:3:  layout_basic_swamp, evilmike_swamp_ruin_house_1, uniq_mlioglotl
Swamp:4:  swamp, layout_basic_swamp
Snake:1:  layout_basic, nicolae_snake_squiggles,
          nicolae_snake_gridmaze_entwining, serial_bayou_ford_a,
          serial_bayou_shore_b, uniq_kirke, uniq_aizul
Snake:2:  nicolae_snake_shooting_gallery, layout_basic, serial_shops,
          nicolae_shop_trees, nicolae_shop_clearance
Snake:3:  gammafunk_sealed_arena, layout_cave_town, basic_altar, st_stairs_3,
          drop_trap, nicolae_snake_salamander_stairs, grunt_megastairs_5,
          serial_bayou_shore_b
Snake:4:  snake_pit_salamanders_mu, layout_gridlike, uniq_vashnia
Orc:1:    gammafunk_beogh_shrine, layout_caves, nicolae_volcano_entry_lava_flow,
          hellmonk_bongcloud_opening
Orc:2:    grunt_orc_gardens, layout_diamond_mine, grunt_orc_garden,
          grunt_orc_garden, grunt_orc_garden, grunt_orc_garden
Elf:1:    minmay_elf_arrival_summoners, layout_rooms, serial_shops,
          nicolae_shop_temple_entry_statues_fountains,
          portal_desolation_entry_twin_temple, hangedman_elf_disciples,
          uniq_agnes, uniq_azrael
Vaults:1: gammafunk_ghost_split, vaults_dpeg_encased_lava, vaults_dpeg_diagonal,
          vaults_room_pool, layout_vaults_quadrants, serial_shops, shop
Vaults:2: vaults_room_door_hall, vaults_room_corners,
          nicolae_vaults_good_morning_starshine, hangedman_vaults_corner_blocks,
          v_alt_pattern_2, minmay_crypt_entry_simple_sparse,
          ontoclasm_vaults_fault, ontoclasm_vaults_gateway,
          nicolae_vaults_rhombus_5, grunt_vaults_hallway_long,
          nicolae_vaults_diagonal_hallway_6, layout_vaults_big_cross
Vaults:3: ploomutoo_gammafunk_ghost_potion_laboratory, ontoclasm_vaults_tryst,
          hangedman_vaults_maws, v_misc_5, v_misc_28,
          nicolae_vaults_stairing_the_circle, vaults_mumra_hex,
          nicolae_vaults_little_squares_2, hangedman_vaults_trim,
          nicolae_vaults_statue_guard, nicolae_vaults_little_squares_5,
          grunt_vaults_hallway_short, layout_vaults_omnibox, serial_shops,
          nicolae_diamond_shop
Vaults:4: v_alt_pattern_3, hangedman_vaults_stretched_pinwheel,
          ontoclasm_vaults_ring_large, vaults_dpeg_ring, hangedman_vaults_trim,
          nicolae_vaults_octagons, vaults_room_boxed,
          vaults_mumra_minichess_inversion, grunt_vaults_focal,
          vaults_room_large_hall, vaults_room_fours, vaults_dpeg_hooks,
          layout_vaults_ring, serial_shops, uniq_xtahua, uniq_mara
Depths:1: layout_cave_shapes, serial_shops, shop_fountains,
          kennysheep_little_box, shop, shop, grunt_hell_entry_dis_grunt,
          nicolae_shop_unique_rings, nicolae_transmutations_shop,
          minmay_misc_feat_roman, grunt_qazlal_clouds, serial_bayou_shore_b,
          infiniplex_staircase_pool_lava
Depths:2: nooodl_heptagram, layout_gridville, gammafunk_ghost_smash,
          chequers_serial_rivers_small_3, grunt_pan_entry_in_and_out, hell_entry
Depths:3: minmay_the_grid_octo_triangle [minmay_the_grid_octo_concentric,
          minmay_the_grid_octo_prize_big_c, minmay_the_grid_octo_clover],
          layout_gridville, pf_coc_iceberg, chequers_serial_rivers_micro_e,
          hangedman_abyss_entry_splay, serial_bayou_shore_b, uniq_vv, uniq_boris
Depths:4: grunt_zot_entry_gee_three, layout_gridville, enter_ziggurat_e,
          minmay_stone_trees_small, lightli_too_deep, serial_bayou_shore_b,
          uniq_saint_roka, uniq_parghit
Desolation

Skill      XL: |  1  2  3  4  5  6  7  8  9 10 11 12 13 14 15 16 17 18 19 20 21 |
---------------+----------------------------------------------------------------+-----
Fighting       | 4 5 6 8 9 12 14 16 17 19 20 21 22 23 24 | 24.2
Shields        | 4 5 |  5.3
Long Blades    | 3 |  3.2
Short Blades   | 1 2 3 4 6 7 8 |  8.0
Stealth        | 1 2 3 5 6 7 9 10 11 12 13 14 15 16 17 18 | 18.2
Dodging        | 1 2 3 4 5 7 8 9 10 | 10.0
Armour         | 4 5 6 7 8 9 10 11 | 11.5
Invocations    | 3 6 8 |  8.4
Spellcasting   | 3 5 6 8 9 10 | 10.8
Hexes          | 1 4 6 7 9 |  9.5
Evocations     | 4 |  4.8
Ice Magic      | 1 |  1.0
Earth Magic    | 2 3 |  3.5
Transmutations | 2 3 |  3.5

Action                   |  1- 3 |  4- 6 |  7- 9 | 10-12 | 13-15 | 16-18 | 19-21 || total
-------------------------+-------+-------+-------+-------+-------+-------+-------++-------
Melee: Long sword        |    47 |       |       |       |       |       |       ||    47
       Headbutt          |     7 |    21 |    79 |   241 |   655 |   533 |   690 ||  2226
       Dagger            |    44 |   120 |   333 |   813 |   871 |       |       ||  2181
       Quick blade       |       |       |       |       |  1213 |  1597 |  1964 ||  4774
Throw: Throwing net      |       |       |     1 |     2 |       |       |       ||     3
 Cast: Confusing Touch   |       |       |       |       |       |    16 |    54 ||    70
       Tukima's Dance    |       |       |       |       |       |    10 |       ||    10
       Frozen Ramparts   |       |       |       |       |       |       |     5 ||     5
       Cause Fear        |       |       |       |       |       |       |     1 ||     1
       Passwall          |       |       |       |       |       |       |     1 ||     1
Invok: Shadow Step       |       |       |     2 |     2 |     5 |    11 |    10 ||    30
       Shadow Form       |       |       |       |       |       |       |     1 ||     1
 Abil: Evoke Blink       |       |       |       |       |       |       |     6 ||     6
       End Transformatio |       |       |       |       |       |       |     1 ||     1
Evoke: Wand              |       |       |     9 |    10 |    24 |     6 |    42 ||    91
       Piece from Xom's  |       |       |       |       |     1 |     6 |     2 ||     9
       Condenser vane    |       |       |       |       |       |     4 |     5 ||     9
       Lightning rod     |       |       |       |       |       |       |     9 ||     9
       Tin of tremorston |       |       |       |       |       |       |     2 ||     2
  Use: Scroll            |     5 |     2 |     6 |    13 |    15 |    13 |    26 ||    80
       Potion            |       |     1 |     4 |     2 |    19 |    15 |    28 ||    69
 Stab: Sleeping          |       |       |     3 |    14 |    32 |    78 |   119 ||   246
       Distracted        |       |       |     1 |     2 |     9 |    10 |    16 ||    38
       Held in net/web   |       |       |       |     2 |       |       |       ||     2
       Invisible         |       |       |       |       |     5 |     1 |       ||     6
       Petrified         |       |       |       |       |     2 |       |       ||     2
       Confused          |       |       |       |       |       |    18 |    32 ||    50
Armor: Scale mail        |    25 |       |       |       |       |       |       ||    25
       Ring mail         |     4 |    36 |    63 |   141 |   338 |   139 |   287 ||  1008
       Swamp dragon scal |       |       |       |       |       |    52 |    18 ||    70
Dodge: Dodged            |    41 |    47 |   131 |   434 |  1027 |   670 |   780 ||  3130
Block: Buckler           |    13 |    27 |    87 |   201 |   407 |   182 |   267 ||  1184
       Reflection        |       |       |       |       |     7 |    22 |    16 ||    45
